 Dungeon Crawl Stone Soup version 0.30.1-4-g462c640d31 (webtiles) character file.

Game seed: 12563092563635706571

90 RussellQuine the Chopper (level 4, -1/41 HPs)
             Began as a Minotaur Berserker on Aug 13, 2023.
             Was a Believer of Trog.
             Slain by an ogre
             ... wielding a +0 giant club
              (13 damage)
             ... on level 3 of the Dungeon on Aug 15, 2023.
             The game lasted 00:25:25 (2197 turns).

RussellQuine the Chopper (Minotaur Berserker)       Turns: 2197, Time: 00:25:26

Health: -1/41      AC: 14    Str: 24    XL:     4   Next: 32%
Magic:  3/3        EV: 10    Int:  4    God:    Trog [**....]
Gold:   137        SH:  0    Dex:  9    Spells: 3/3 levels left

rFire   . . .        a - +0 hand axe
rCold   . . .        (no shield)
rNeg    . . .        n - +6 scale mail of Lofiqirph {Harm Rampage +Blink Stlth+}
rPois   .            (helmet restricted)
rElec   .            (no cloak)
rCorr   .            k - +0 pair of gloves
SInv    .            o - +0 pair of boots
Will    ++...        (no amulet)
Stlth   +            (no ring)
HPRegen 1.26/turn    (no ring)
MPRegen 0.08/turn

%: harm (+30% outgoing, +20% incoming), rampage
@: strong-willed, on berserk cooldown, flying, regenerating
A: horns 2, retaliatory headbutt
a: Renounce Religion, Evoke Blink, Berserk, Trog's Hand


You were on level 3 of the Dungeon.
You worshipped Trog.
Trog was pleased with you.
You visited 1 branch of the dungeon, and saw 4 of its levels.

You collected 137 gold pieces.

Inventory:

Hand Weapons
 a - a +0 hand axe (weapon)
Armour
 b - a +0 animal skin
 h - a +0 leather armour
 k - a +0 pair of gloves (worn)
 n - the +6 scale mail of Lofiqirph (worn) {Harm Rampage +Blink Stlth+}
   (You found it on level 3 of the Dungeon)

   +Blink:    It lets you blink.
   Harm:      It increases damage dealt and taken.
   Rampage:   It bestows one free step when moving towards enemies.
   Stlth:     It makes you more stealthy.
 o - a +0 pair of boots (worn)
Scrolls
 c - a scroll of identify {unknown}
 g - a scroll of noise {unknown}
 j - a scroll of amnesia {unknown}
 m - a scroll of teleportation {unknown}
 q - a scroll of fog {unknown}
Potions
 d - a potion of degeneration {unknown}
 e - a potion of ambrosia {unknown}
 f - a potion of invisibility {unknown}
 i - a potion of heal wounds {unknown}
 l - a potion of haste {unknown}
 p - a potion of flight


   Skills:
 + Level 4.5 Fighting
 + Level 4.9 Axes
 + Level 2.6 Armour
 + Level 2.9 Dodging
 + Level 0.4 Stealth


You had 3 spell levels left.
You didn't know any spells.
Your spell library was empty.

Dungeon Overview and Level Annotations

Branches:
Dungeon (4/15)
 Temple: D:4-7

Altars:
Gozag

Shops:
D:1 *


Innate Abilities, Weirdness & Mutations

You have a pair of horns on your head.
You reflexively headbutt those who attack you in melee.


Message History

You can't go down here!
A red film seems to cover your vision as you go berserk!
You feel yourself moving faster!
You feel mighty!
You feel sick. The adder closely misses you. You furiously retaliate!
You headbutt the adder!
You kill the adder!
Trog accepts your kill.
You feel a strong urge to attack something.
Items here: ) †††.
Found a brass wand.
You feel sick.
You feel your anger nearly subside.
You are no longer berserk.
You are exhausted.
You feel yourself slow down.
You feel sick.
q - a scroll labelled HIETUH SIUR You feel sick.
You feel sick.
You are no longer poisoned.
The ogre shouts!
The ogre attacks as you move away! The ogre closely misses you.
The ogre attacks as you move away! The ogre completely misses you.
The ogre completely misses you. You furiously retaliate!
You headbutt the ogre.
Items here: ) †††.
The ogre attacks as you move away! The ogre closely misses you.
There is a stone staircase leading up here.
The ogre closely misses you.
You climb upwards.
There is a stone staircase leading down here.
The ogre attacks as you move away! The ogre barely misses you.
You completely miss the ogre.
The ogre is moderately wounded.
You feel yourself speed up.
The ogre hits you with a +0 giant club!!
Ouch! That really hurt!
* * * LOW HITPOINT WARNING * * *
Your skin crawls.
You feel strong-willed. The ogre closely misses you. You furiously retaliate!
You headbutt the ogre.
It was a potion of flight.
You feel very buoyant.
You fly up into the air.
The ogre hits you with a +0 giant club!
You die...

..............)...<..........#
#............................#
..........##÷.##..##.........#
..................#..........#
.............##.....#..#.#####
.............##.......##.##
###...........(.....####..#
.###..........<.......###.#
#..##.......#...@.....###.#
###.#.....#....O.....^....#
.........#....>......#....#
#####.....................#
.........#.######.#######.#
###.#...##.###............#
#..##..........#..#########
.###....##.#####.## ##
#....##.# #.#


You could see an ogre.

Vanquished Creatures
  4 adders
  A worm (D:4)
  2 dart slugs (D:1)
  An endoplasm (D:2)
  5 giant cockroaches
  9 goblins
  2 hobgoblins (D:2)
  3 jackals
  3 quokkas
  2 ball pythons
  2 bats (D:3)
  3 frilled lizards (D:1)
  5 kobolds
  4 rats (D:2)
46 creatures vanquished.

Notes
Turn   | Place    | Note
-------+----------+-------------------------------------------
     0 | D:1      | RussellQuine the Minotaur Berserker began the quest for the
                  | Orb.
     0 | D:1      | Reached XP level 1. HP: 19/19 MP: 0/0
   196 | D:1      | Reached XP level 2. HP: 26/27 MP: 1/1
   204 | D:1      | Found Xalideyx's General Store.
   779 | D:2      | Reached XP level 3. HP: 33/33 MP: 2/2
   881 | D:2      | Reached ** piety under Trog
  1763 | D:3      | Identified the +6 scale mail of Lofiqirph {Harm Rampage
                  | +Blink Stlth+}
  1807 | D:3      | Found an opulent altar of Gozag.
  1927 | D:3      | Reached XP level 4. HP: 41/41 MP: 3/3
  2128 | D:4      | Noticed an ogre
  2197 | D:3      | Slain by an ogre

Illustrated notes

Levels and vault maps discovered:
D:1:      minmay_arrival_stair_chambers, layout_basic, serial_shops,
          shop_fountains
D:2:      layout_basic, kennysheep_cross_room, minmay_unequal
D:3:      layout_rooms, lemuel_tele_altar, interstate_on_off
D:4:      layout_loops_ring, nicolae_overflow_hidden_temple, enter_ossuary_5,
          kennysheep_pointless_box

Skill      XL: |  1  2 |
---------------+-------+-----
Axes           | 4 |  4.9
Fighting       | 4 |  4.5
Armour         | |  2.6
Dodging        | |  2.9
Stealth        | |  0.4

Action                     |  1- 3 |  4- 6 || total
---------------------------+-------+-------++-------
  Melee: Hand axe          |    70 |    19 ||    89
         Headbutt          |    13 |     4 ||    17
         Punch             |       |     1 ||     1
 Invoke: Berserk           |       |     1 ||     1
         Trog's Hand       |       |     1 ||     1
    Use: Potion            |       |     1 ||     1
 Armour: Animal skin       |    14 |       ||    14
         Scale mail        |     2 |    10 ||    12
  Dodge: Dodged            |    33 |    15 ||    48
